 Dungeon Crawl Stone Soup version 0.23-a0-395-gcf17ac6 (webtiles) character file.

1232 BingusPrime the Insei (level 8, -10/61 HPs)
             Began as a Purple Draconian Transmuter on Nov 1, 2018.
             Was a Follower of Fedhas.
             Mangled by an orc warrior
             ... wielding a +0 vampiric battleaxe
              (24 damage)
             ... on level 5 of the Dungeon.
             The game lasted 00:22:41 (7683 turns).

BingusPrime the Insei (Purple Draconian Transmuter) Turns: 7683, Time: 00:22:41

Health: -10/61     AC:  7    Str: 15 (16) XL:     8   Next: 24%
Magic:  4/12       EV: 13    Int: 13      God:    Fedhas [*.....]
Gold:   282        SH:  0    Dex: 11 (14) Spells: 11/14 levels left

rFire    . . .     SeeInvis .     - Unarmed
rCold    + . .     Gourm    .   (no shield)
rNeg     . . .     Faith    .   (armour unavailable)
rPois    .         Spirit   .   (helmet restricted)
rElec    .         Reflect  .   o - scarf {repulsion}
rCorr    .         Harm     .   (no gloves)
MR       +....                  (no boots)
Stlth    ++........             (no amulet)
HPRegen  0.20/turn              r - ring of protection from cold
MPRegen  0.13/turn              (no ring)

@: mighty, repel missiles
A: breathe power, unfitting armour, deterioration 1, low mp 1, shaggy fur 1,
weak 1, cold-blooded, AC +6
a: Breathe Dispelling Energy, Fungal Bloom, Sunlight, Renounce Religion


You were on level 5 of the Dungeon.
You worshipped Fedhas.
Fedhas was aware of your devotion.
You were not hungry.

You visited 1 branch of the dungeon, and saw 6 of its levels.
You also visited: Sewer.

You collected 282 gold pieces.

Inventory:

Missiles
 a - 58 arrows
Armour
 h - a +1 cloak
 o - a scarf of repulsion (worn)
 t - a +0 cloak
Magical Staves
 l - an uncursed staff of fire {unknown}
Jewellery
 r - a ring of protection from cold (left hand)
Scrolls
 e - 3 scrolls of teleportation
 j - a scroll of fog {unknown}
 n - 3 scrolls of remove curse
 q - a scroll of enchant armour
 u - a scroll of amnesia
 v - a scroll of enchant weapon {unknown}
Potions
 b - 4 potions of curing
 d - 3 potions of flight {unknown}
 i - 2 potions of lignification {unknown}
 k - 4 potions of might
 m - 4 potions of brilliance {unknown}
 p - 6 potions of agility {unknown}
 s - a potion of ambrosia {unknown}
Comestibles
 c - 8 rations


   Skills:
 + Level 1.9 Fighting
 + Level 3.6 Dodging
 + Level 1.7 Stealth
 * Level 7.8 Unarmed Combat
 + Level 3.8 Spellcasting
 * Level 4.8 Transmutations


You had 11 spell levels left.
You knew the following spells:

 Your Spells              Type           Power        Failure   Level  Hunger
a - Beastly Appendage     Tmut           ###...       3%          1    None
b - Sticks to Snakes      Tmut           ###.....     4%          2    ##.....

Your spell library contained the following spells:

 Spells                   Type           Power        Failure   Level  Hunger
 Confusing Touch          Hex            #.....       22%         1    None
 Spider Form              Tmut/Pois      #.........   24%         3    ###....
 Confuse                  Hex            #.......     54%         3    ###....
 Gell's Gravitas          Tloc           #.........   54%         3    ###....
 Ice Form                 Ice/Tmut       #.......     61%         4    ####...
 Petrify                  Tmut/Erth      #.......     61%         4    ####...
 Blade Hands              Tmut           ###.......   63%         5    ######.
 Yara's Violent Unravell  Hex/Tmut       #.........   91%         5    ######.
 Metabolic Englaciation   Hex/Ice        #.........   99%         5    ######.


Dungeon Overview and Level Annotations

Branches:
Dungeon (6/15)
 Temple: D:4-7

Altars:
Cheibriados
Fedhas
Kikubaaqudgha
Okawaru
Vehumet
Xom


Innate Abilities, Weirdness & Mutations

You can breathe bolts of dispelling energy.
Your rich purple scales are hard. (AC +6)
You cannot fit into any form of body armour.
You are cold-blooded and may be slowed by cold attacks.
Your body sometimes deteriorates upon taking damage.
Your magical capacity is low. (-10% MP)
You are covered in fur. (AC +1)
You are weak. (Str -2)


Message History

The orc warrior is healed.
Your ball python dies!
You feel much better.
The orc warrior looks more healthy.
The orc warrior hits you with a +0 vampiric battleaxe.
Casting: Sticks to Snakes (safe; 4% risk of failure)
Confirm with . or Enter, or press ? or * to list all spells.
You create a snake!
You now have 58 arrows.
The orc warrior hits you with a +0 vampiric battleaxe!!
* * * LOW HITPOINT WARNING * * *
You feel much better.
It was a potion of might.
You feel very mighty all of a sudden.
Your talons disappear.
The orc warrior hits you with a +0 vampiric battleaxe!
* * * LOW HITPOINT WARNING * * *
You punch the orc warrior!
The orc warrior is severely wounded.
Your adder bites the orc warrior.
The orc warrior hits you with a +0 vampiric battleaxe!!
You die...
Fedhas appreciates your contribution to the ecosystem.

.....###.......## #
....###.........## ##
...####..........## #.
..####..#.........##
##. ###
#..##..........#
########.. #
##..##..........##
#.........
##..####..........##
#......≈≈≈ #..##
#...........#
##.....≈## ###.##
#.)...S@....##
#.....≈#_ ....#
##....o......#
##....≈#' ...##
##..........####....≈≈.
...##
###.........##........
....##
##.......###......##
.....#
#####..###.......#.
.....# ##..#.......##.
#....# ##.........#..
##...# ###.......##..


You could see an orc warrior and a friendly adder.

Vanquished Creatures
  An ogre (D:5)
  A necrophage (D:5)
  A centaur (D:5)
  4 big kobolds (Sewer)
  A bullfrog skeleton (D:5)
  An iguana (D:4)
  A hound (D:5)
  A centaur skeleton (D:4)
  Natasha (D:4)
  5 orc wizards
  A worker ant (D:6)
  2 hound skeletons (D:4)
  15 adders
  A howler monkey skeleton (D:5)
  6 river rats (Sewer)
  2 oozes
  2 adder skeletons
  3 worms
  4 dart slugs
  3 leopard geckos
  13 orcs
  6 bats
  5 giant cockroaches
  8 goblins
  12 hobgoblins
  10 jackals
  2 quokkas
  3 ball pythons
  2 frilled lizards
  A jackal skeleton (D:4)
  18 kobolds
  A leopard gecko skeleton (D:4)
  A quokka skeleton (D:5)
  A quokka zombie (D:5)
  25 rats
164 creatures vanquished.

Vanquished Creatures (collateral kills)
  An ogre (D:4)
  An orc priest (D:5)
  A worm (D:5)
  An orc (D:4)
  2 rats (Sewer)
6 creatures vanquished.

Vanquished Creatures (others)
  5 toadstools (D:5)
5 creatures vanquished.

Grand Total: 175 creatures vanquished

Notes
Turn   | Place    | Note
-------+----------+-------------------------------------------
     0 | D:1      | BingusPrime the Draconian Transmuter began the quest for
                  | the Orb.
     0 | D:1      | Reached XP level 1. HP: 16/16 MP: 3/3
   252 | D:1      | Reached XP level 2. HP: 23/23 MP: 3/5
   594 | D:1      | Reached skill level 4 in Unarmed Combat
   596 | D:1      | Reached XP level 3. HP: 27/28 MP: 4/6
  1453 | D:2      | Found an ancient bone altar of Kikubaaqudgha.
  1515 | D:2      | Reached XP level 4. HP: 35/35 MP: 7/7
  2257 | D:2      | Learned a level 2 spell: Sticks to Snakes
  2446 | D:3      | Reached skill level 5 in Unarmed Combat
  2593 | D:3      | Reached XP level 5. HP: 32/40 MP: 6/8
  3639 | D:4      | Found a radiant altar of Vehumet.
  3884 | D:4      | Reached XP level 6. HP: 24/47 MP: 9/9
  4171 | D:4      | Found a blossoming altar of Fedhas.
  4316 | D:4      | Became a worshipper of Fedhas Madash
  4347 | D:4      | Found a snail-covered altar of Cheibriados.
  4431 | D:4      | Noticed Natasha
  4438 | D:4      | Killed Natasha
  4477 | D:4      | Noticed an orc warrior
  4501 | D:4      | HP: 1/47 [orc warrior/+0 flail (11)]
  4921 | D:4      | Gained mutation: Your magical capacity is low. (-10% MP)
                  | [potion of mutation]
  4921 | D:4      | Gained mutation: You are weak. (Str -2) [potion of
                  | mutation]
  4921 | D:4      | Gained mutation: Your body sometimes deteriorates upon
                  | taking damage. [potion of mutation]
  4921 | D:4      | Gained mutation: You are covered in fur. (AC +1) [potion of
                  | mutation]
  5021 | D:4      | Reached skill level 6 in Unarmed Combat
  5060 | D:4      | Reached skill level 1 in Stealth
  5176 | D:5      | Entered Level 5 of the Dungeon
  5390 | D:5      | Your scales start taking on a rich purple colour.
  5390 | D:5      | Reached XP level 7. HP: 40/53 MP: 1/10
  5668 | D:5      | Found a glowing drain.
  5677 | Sewer    | Entered a sewer
  6163 | Sewer    | Reached skill level 7 in Unarmed Combat
  6190 | Sewer    | Reached * piety under Fedhas
  6280 | Sewer    | Reached XP level 8. HP: 50/61 MP: 7/12
  6558 | D:5      | Found an iron altar of Okawaru.
  7391 | D:5      | Found a shimmering altar of Xom.
  7678 | D:5      | HP: 1/61 [orc warrior/+0 vampiric battleaxe (14)]
  7683 | D:5      | Mangled by an orc warrior

Vault maps used:
D:1:      sevenhm_arrival_forest_fort_small_4, st_stairs_6,
          chequers_serial_rivers_micro_e, minmay_misc_feat_x,
          chequers_serial_rivers_micro_d, kennysheep_crisscross,
          minmay_close_crescents
D:2:      kiku_gazebo_pond_becter
D:3:      minmay_misc_feat_five
D:4:      kennysheep_slug_shrine, vehumet_crystals, fedhas_altar_3, uniq_natasha
D:5:      kennysheep_mini_moat, basic_altar, first_ration,
          cheibrodos_sewer_entry_drain, kennysheep_another_room,
          hangedman_decor_peaks_small
D:6:      grunt_temple_overflow_cloverleaf, minmay_temple_entry_glassed_door,
          lemuel_blue_sif_altar, uniq_edmund
Sewer:    sewer_minmay_treatment

Skill      XL: |  1  2  3  4  5  6  7 |
---------------+----------------------+-----
Dodging        | 2 3 |  3.6
Unarmed Combat | 4 5 6 7 |  7.8
Transmutations | 3 4 |  4.8
Stealth        | 1 |  1.7
Spellcasting   | 3 |  3.8
Fighting       | |  1.9

Action                   |  1- 3 |  4- 6 |  7- 9 || total
-------------------------+-------+-------+-------++-------
Melee: Unarmed           |   142 |   239 |   260 ||   641
       Kick              |     5 |    28 |    20 ||    53
       Headbutt          |    10 |     6 |    10 ||    26
       Tailslap          |     9 |    25 |    28 ||    62
       Punch             |     1 |     3 |     9 ||    13
 Cast: Beastly Appendage |    16 |    33 |    20 ||    69
       Sticks to Snakes  |       |    13 |    21 ||    34
Invok: Fungal Bloom      |       |       |     6 ||     6
 Abil: Breathe Dispellin |       |       |     5 ||     5
  Use: Scroll            |     5 |     4 |     2 ||    11
       Potion            |       |     2 |     7 ||     9
 Stab: Distracted        |       |     3 |     1 ||     4
       Invisible         |       |       |     5 ||     5
  Eat: Chunk             |     2 |    11 |     4 ||    17
       Ration            |       |     1 |     2 ||     3
Armor: Skin              |    34 |    47 |    87 ||   168
Dodge: Dodged            |    86 |   137 |   216 ||   439
       Deflected         |       |     1 |     3 ||     4

Table legend:
 A = Non-vault XP
 B = Vault XP
 C = Vault XP percentage of total XP
 D = Non-vault monster count
 E = Vault monster count
 F = Vault count percentage of total count
                 A         B        C        D         E       F
            +---------+---------+-------+---------+---------+-------
      Total |    1163 |     597 |  33.9 |     114 |      56 |  32.9
            +---------+---------+-------+---------+---------+-------
        D:1 |      48 |       7 |  12.7 |      27 |       4 |  12.9
        D:2 |     109 |       0 |   0.0 |      23 |       0 |   0.0
        D:3 |      65 |       0 |   0.0 |      19 |       0 |   0.0
        D:4 |     309 |      38 |  11.0 |      22 |       2 |   8.3
        D:5 |     600 |       9 |   1.5 |      22 |       2 |   8.3
        D:6 |      32 |       0 |   0.0 |       1 |       0 |   0.0
      Sewer |       0 |     543 | 100.0 |       0 |      48 | 100.0
            +---------+---------+-------+---------+---------+-------
